 Dungeon Crawl Stone Soup version 0.21-a0-426-g98080a9 (webtiles) character file.

172 varam the Ruffian (level 5, -5/46 HPs)
             Began as a Ghoul Monk on Nov 7, 2017.
             Slain by a bullfrog (8 damage)
             ... on level 4 of the Dungeon.
             The game lasted 00:09:33 (1934 turns).

varam the Ruffian (Ghoul Monk)                      Turns: 1934, Time: 00:09:34

Health: -5/46      AC:  3    Str: 15    XL:     5   Next: 53%
Magic:  4/4        EV: 13    Int:  5    God:
Gold:   105        SH:  0    Dex: 12    Spells: 4/4 levels left

rFire    . . .     SeeInvis .     - Unarmed
rCold    + . .     Gourm    .   (no shield)
rNeg     + + +     Faith    .   p - +0 animal skin
rPois    ∞         Spirit   .   o - +0 helmet
rElec    .         Reflect  .   (no cloak)
rCorr    .         Harm     .   (no gloves)
MR       .....                  (no boots)
Stlth    ++........             (no amulet)
HPRegen  0.00/turn              (no ring)
MPRegen  0.09/turn              (no ring)

@: rotting
A: rotting body, claws 1, carnivore 3, cold resistance 1, negative energy
resistance 3, inhibited regeneration, torment resistance, unbreathing
a: no special abilities


You were on level 4 of the Dungeon.
You were not hungry.

You visited 1 branch of the dungeon, and saw 5 of its levels.

You collected 105 gold pieces.

Inventory:

Missiles
 l - 45 stones (quivered)
 s - 4 javelins
 t - 3 tomahawks of dispersal
Armour
 a - a +0 robe
 o - a +0 helmet (worn)
 p - a +0 animal skin (worn)
 q - a +0 leather armour
Wands
 n - a wand of random effects (27/48)
 u - a wand of random effects (17/48)
Scrolls
 d - a scroll of remove curse {unknown}
 e - 2 scrolls of recharging {unknown}
 f - a scroll of magic mapping {unknown}
 h - 3 scrolls of amnesia {unknown}
 i - a scroll of identify {unknown}
 m - a scroll of immolation {unknown}
 r - a scroll of teleportation {unknown}
Potions
 j - a potion of agility {unknown}
 k - 3 potions of curing {unknown}
 v - a potion of brilliance {unknown}
Comestibles
 b - a meat ration
 c - 3 chunks of flesh
 g - a royal jelly


   Skills:
 - Level 4.1 Fighting
 + Level 3.4 Dodging
 + Level 3.5 Stealth
 * Level 4.8 Unarmed Combat


You had 4 spell levels left.
You didn't know any spells.

Dungeon Overview and Level Annotations

Branches:
Dungeon (5/15)
 Temple: D:4-7

Altars:


Innate Abilities, Weirdness & Mutations

Your body is rotting away.
You thrive on raw meat.
You are immune to poison.
You have sharp fingernails.
You are carnivorous and can eat meat at any time.
Your flesh is cold resistant. (rC+)
You are immune to negative energy. (rN+++)
You do not regenerate when monsters are visible.
You are immune to unholy pain and torment.
You can survive without breathing.


Message History

You scratch the bullfrog but do no damage.
The bullfrog is moderately wounded.
The bullfrog barely misses you.
You barely miss the bullfrog.
The bullfrog is moderately wounded.
The bullfrog hits you.
* * * LOW HITPOINT WARNING * * *
Eat one of 4 chunks of flesh? (ye/n/q)
You eat one of the 4 chunks of flesh.
This raw flesh tastes great!
The bullfrog barely misses you. The bullfrog hits you.
* * * LOW HITPOINT WARNING * * *
You scratch the bullfrog.
The bullfrog is heavily wounded.
The bullfrog closely misses you.
You claw the bullfrog!
The bullfrog is almost dead.
The bullfrog hits you.
* * * LOW HITPOINT WARNING * * *
The bullfrog hits you!
You die...

..#.
............#######
#...##..........[#
#.........######.#
........!...# #.#####..
.............#........
#.....# #.#.#.#####..
#.....# #.#..........
#.# #.###.#######
#.###.# #@# #.#
#.....#####F###.######
#####......r..........#
#.........##.####.#
#######.#.# .# #.#.# .#
#########.#.# .#
....[.....#.# .#
###########.# .#


You could see a bullfrog and a quokka.

Vanquished Creatures
  The ghost of Gorice the Insei, an amateur DsWn of Nemelex Xobeh (D:3)
  Robin (D:2)
  A worm (D:4)
  2 dart slugs (D:1)
  2 leopard geckos
  9 orcs
  4 giant cockroaches
  8 goblins
  14 hobgoblins
  8 bats
  2 frilled lizards (D:1)
  3 kobolds
  5 rats
60 creatures vanquished.

Notes
Turn   | Place    | Note
-------+----------+-------------------------------------------
     0 | D:1      | varam the Ghoul Monk began the quest for the Orb.
     0 | D:1      | Reached XP level 1. HP: 19/19 MP: 0/0
   107 | D:1      | Reached XP level 2. HP: 17/26 MP: 1/1
   491 | D:1      | Reached XP level 3. HP: 31/31 MP: 2/2
   570 | D:1      | Reached skill level 3 in Dodging
  1030 | D:2      | Reached skill level 4 in Unarmed Combat
  1206 | D:2      | Noticed Robin
  1334 | D:2      | Reached XP level 4. HP: 30/40 MP: 3/3
  1340 | D:2      | Killed Robin
  1340 | D:2      | Reached skill level 3 in Stealth
  1786 | D:3      | Noticed an orc warrior
  1810 | D:3      | Noticed Gorice's ghost (amateur DsWn)
  1819 | D:3      | Killed Gorice's ghost
  1819 | D:3      | Reached skill level 4 in Fighting
  1819 | D:3      | Reached XP level 5. HP: 44/46 MP: 4/4
  1890 | D:5      | Entered Level 5 of the Dungeon
  1934 | D:4      | HP: 3/46 [bullfrog (6)]
  1934 | D:4      | Slain by a bullfrog

Vault maps used:
D:1:      saegor_arrival_miasma
D:2:      first_bread, uniq_robin
D:3:      serial_co_window_serial, co_window_paths_a, co_window_paths_a,
          co_window_of_opportunity_a, co_window_of_opportunity_a,
          co_window_paths_b, co_window_paths_a, co_window_corner_a,
          co_window_of_opportunity_a, co_window_of_opportunity_a,
          co_window_broadway_a, co_window_corner_b, co_window_broadway_b,
          glass_columns_a, glass_columns_a, glass_columns_a
D:4:      kennysheep_mini, minmay_temple_entry_nine_rooms,
          nicolae_underground_beach, uniq_edmund, uniq_duvessa
D:5:      serial_glass, glass_columns_a, glass_columns_b, serial_shops,
          kennysheep_little_box, uniq_menkaure, uniq_blork_the_orc

Skill      XL: |  1  2  3  4 |
---------------+-------------+-----
Dodging        | 3 |  3.4
Unarmed Combat | 4 |  4.8
Stealth        | 3 |  3.5
Fighting       | 4 |  4.1

Action                   |  1- 3 |  4- 6 || total
-------------------------+-------+-------++-------
Melee: Unarmed           |   135 |    68 ||   203
       Punch             |     4 |     2 ||     6
Throw: Stone             |     1 |       ||     1
 Stab: Sleeping          |     6 |       ||     6
  Eat: Chunk             |     4 |     3 ||     7
Armor: Robe              |    20 |       ||    20
       Animal skin       |       |     3 ||     3
Dodge: Dodged            |    91 |    38 ||   129

Table legend:
 A = Spawn XP
 B = Non-spawn XP
 C = Spawn XP percentage of total XP
 D = Spawn monster count
 E = Non-spawn monster count
 F = Spawn count percentage of total count
 G = Total turns spent on level
                    A         B        C        D         E        F      G
               +---------+---------+-------+---------+---------+-------+---------
         Total |       0 |     247 |   0.0 |       0 |      60 |   0.0 |  1934
               +---------+---------+-------+---------+---------+-------+---------
           D:1 |       0 |      48 |   0.0 |       0 |      26 |   0.0 |   797
           D:2 |       0 |      67 |   0.0 |       0 |      27 |   0.0 |   902
           D:3 |       0 |     127 |   0.0 |       0 |       6 |   0.0 |   161
           D:4 |       0 |       5 |   0.0 |       0 |       1 |   0.0 |    72
               +---------+---------+-------+---------+---------+-------+---------
